 Dungeon Crawl Stone Soup version 0.29.1-14-g9c671dbff4 (webtiles) character file.

Game seed: 13208175586296740865

39 hawla the Firebug (level 3, -4/26 HPs)
             Began as a Meteoran Fire Elementalist on Feb 15, 2023.
             Slain by an iguana (11 damage)
             ... on level 3 of the Dungeon.
             The game lasted 00:02:24 (295 turns).

hawla the Firebug (Meteoran Fire Elementalist)       Turns: 295, Time: 00:02:25

Health: -4/26      AC:  2    Str:  9    XL:     3   Next: 97%
Magic:  8/8        EV: 12    Int: 19    God:
Gold:   76         SH:  0    Dex: 14    Spells: 5/8 levels left

rFire   + . .      SeeInvis .   (no weapon)
rCold   . . .      Faith    .   (no shield)
rNeg    . . .      Spirit   .   a - +0 robe
rPois   .          Reflect  .   (no helmet)
rElec   .          Harm     .   (no cloak)
rCorr   .          Rampage  .   (no gloves)
Will    .....                   (no boots)
Stlth   +.........              (no amulet)
HPRegen 0.08/turn               c - ring of protection from fire
MPRegen 0.11/turn               (no ring)

@: confused, ambrosia-drunk, glowing
A: sense surroundings 1, otherworldly, glowing, explore regen
a: no special abilities


You were on level 3 of the Dungeon.
You visited 1 branch of the dungeon, and saw 4 of its levels.

You collected 76 gold pieces.

Inventory:

Armour
 a - a +0 robe (worn)
Jewellery
 c - a ring of protection from fire (left hand)
Scrolls
 d - a scroll of fear {unknown}
 g - a scroll of blinking {unknown}
 h - a scroll of enchant armour {unknown}
 j - a scroll of butterflies {unknown}
Potions
 b - a potion of magic
 f - a potion of flight {unknown}
 i - a potion of heal wounds {unknown}


   Skills:
 + Level 0.2 Fighting
 + Level 2.6 Dodging
 - Level 1.4 Stealth
 + Level 3.2 Spellcasting
 + Level 1.9 Conjurations
 + Level 4.5 Fire Magic


You had 5 spell levels left.
You knew the following spells:

 Your Spells              Type           Power      Damage    Failure   Level
a - Foxfire               Conj/Fire      60%        2x1d7     4%          1
b - Scorch                Fire           40%        2d7       3%          2

Your spell library contained the following spells:

 Spells                   Type           Power      Damage    Failure   Level
 Conjure Flame            Conj/Fire      15%        6-21      12%         3
 Inner Flame              Hex/Fire       11%        N/A       17%         3
 Flame Wave               Conj/Fire      15%        2d7       36%         4


Dungeon Overview and Level Annotations

Branches:
Dungeon (4/15) Zot: 2103
 Temple: D:4-7

Altars:
Dithmenos


Innate Abilities, Weirdness & Mutations

You passively map a small area around you.
You are easily found by Zot.
You glow in the dark.
You regain HP and MP as you explore.


Message History

HP restored.
You now have 76 gold pieces (gained 15).
There is a stone staircase leading down here.
You climb downwards.
You hear the sound of rushing water.
There is an entrance to a sewer on this level.
Hurry and find it before the portal rusts away!
You hear the slow rusting of a very distant drain.
An iguana comes into view.
The orc hits you with a +0 dagger. The orc hits you with a +0 club.
There is a stone staircase leading up, spattered with blood here.
Casting: Scorch (safe; 3% risk of failure)
Confirm with . or Enter, or press ? or * to list all spells.
Flames lash the iguana.
The iguana is moderately wounded.
The iguana's fire resistance burns away.
The orc hits you but does no damage.
An orc comes into view. It is wielding a +0 club.
The orc hits you with a +0 club.
Casting: Scorch (safe; 3% risk of failure)
Confirm with . or Enter, or press ? or * to list all spells.
You conjure some foxfire!
The foxfire hits the iguana but does no damage.
The iguana is moderately wounded.
The orc hits you with a +0 dagger. The orc hits you with a +0 club.
The foxfire hits the iguana.
The iguana is burned terribly!
The iguana is heavily wounded.
The orc barely misses you. The orc completely misses you.
You climb upwards.
There is a stone staircase leading down here.
The iguana is no longer more vulnerable to fire.
The orc hits you with a +0 club. The orc closely misses you.
The orc attacks as you move away! The orc misses you.
The iguana attacks as you move away! The iguana bites you!
* * * LOW HITPOINT WARNING * * *
The orc attacks as you move away! The orc barely misses you.
The orc attacks as you move away! The orc barely misses you.
It was a potion of ambrosia.
You are confused.
You feel invigorated. The iguana bites you!
You die...

#.......#* #.#........# *
#........* #....#.#^#.# #.*
#.# ####.#...# # #.##
#..#####...#.#.### ##..#
#..##..†.........
#...#######.##......(...##
##.........#..#.......##.#*
##..........o..........# .#
#..........@l...>......#
,.,
#...###.......o......#####
** , ..# #.......#......# #
#.).....#.††...# *
#.......#......####
#.......#.........#
#.......#......##.#
####.#............#
#.#............#


You could see an iguana and 2 orcs.

Vanquished Creatures
  An adder (D:3)
  A dart slug (D:1)
  An orc (D:3)
  A ball python (D:2)
  3 endoplasms
  A giant cockroach (D:1)
  A goblin (D:3)
  3 hobgoblins
  5 jackals
  A quokka (D:1)
  3 bats
  3 rats
24 creatures vanquished.

Vanquished Creatures (others)
  52 foxfires
52 creatures vanquished.

Grand Total: 76 creatures vanquished

Notes
Turn   | Place    | Note
-------+----------+-------------------------------------------
     0 | D:1      | hawla the Meteoran Fire Elementalist began the quest for
                  | the Orb.
     0 | D:1      | Reached XP level 1. HP: 14/14 MP: 5/5
     2 | D:1      | Noticed a meteoran
     2 | D:1      | Noticed an octopode
     4 | D:1      | Noticed a tengu
     4 | D:1      | Noticed a vine stalker
     6 | D:1      | Noticed a spriggan
     8 | D:1      | Noticed a merfolk
    10 | D:1      | Noticed a troll
    10 | D:1      | Noticed a palentonga
    12 | D:1      | Noticed a vampire
    12 | D:1      | Noticed a draconian
    14 | D:1      | Noticed a felid
    14 | D:1      | Noticed a human
    16 | D:1      | Noticed a demonspawn
    18 | D:1      | Noticed an ogre
    18 | D:1      | Noticed an elf
    20 | D:1      | Noticed a ghoul
    20 | D:1      | Noticed a formicid
    22 | D:1      | Noticed a demigod
    22 | D:1      | Noticed a gargoyle
    24 | D:1      | Noticed a tengu
    24 | D:1      | Noticed a minotaur
    26 | D:1      | Noticed a palentonga
    26 | D:1      | Noticed a minotaur
    50 | D:1      | Reached XP level 2. HP: 20/20 MP: 1/6
    52 | D:1      | Found a faded altar of an unknown god.
    62 | D:1      | Learned a level 2 spell: Scorch
    91 | D:2      | Reached skill level 4 in Fire Magic
   121 | D:3      | Reached XP level 3. HP: 24/26 MP: 6/8
   247 | D:3      | Found a shadowy altar of Dithmenos.
   293 | D:3      | HP: 1/26 [iguana (8)]
   295 | D:3      | Slain by an iguana

Illustrated notes

Levels and vault maps discovered:
D:1:      kb_arrival_jail, layout_rooms, ebering_ecumenical_altar_sacrificial,
          serial_bayou_pond_d
D:2:      layout_basic, uniq_natasha, uniq_sigmund
D:3:      cheibrodos_thug_alley, layout_basic, mainiacjoe_overflow_chevrons,
          minmay_large_rounded_square, grunt_ministairs_5,
          wander_ebering_terrifying_dragon_lair
D:4:      layout_rooms, portal_sewer_entry_d, gammafunk_ghost_split

Skill      XL: |  1  2 |
---------------+-------+-----
Fire Magic     | 4 |  4.5
Spellcasting   | 3 |  3.2
Fighting       | |  0.2
Dodging        | |  2.6
Stealth        | |  1.4
Conjurations   | |  1.9

Action                   || total
-------------------------++-------
Melee: Unarmed           ||    15
 Cast: Foxfire           ||    31
       Scorch            ||     4
  Use: Potion            ||     1
Armor: Robe              ||    12
Dodge: Dodged            ||    24
